 Dungeon Crawl Stone Soup version 0.31.0-11-ge490571c62 (webtiles) character file.

Game seed: 9000429084105282522

1264 dialectric the Poker (level 8, 0/60 HPs)
             Began as a Demonspawn Artificer on Feb 1, 2024.
             Slain by a bullfrog (2 damage)
             ... on level 7 of the Dungeon.
             The game lasted 00:05:28 (5880 turns).

dialectric the Poker (Demonspawn Artificer)         Turns: 5880, Time: 00:05:29

Health: 0/60       AC:  5    Str: 15    XL:     8   Next: 27%
Magic:  0/17       EV: 12    Int: 11    God:
Gold:   411        SH:  0    Dex: 14    Spells: 7/7 levels left

rFire   . . .        o - +0 trident
rCold   . . .        (no shield)
rNeg    . . .        b - +0 leather armour
rPois   .            (helmet restricted)
rElec   .            (no cloak)
rCorr   .            (no gloves)
SInv    +            A - +1 pair of boots of the Enchanted Forest {Harm MP+9}
Will    .....        w - amulet of guardian spirit
Stlth   +            r - ring of see invisible
HPRegen 0.30/turn    (no ring)
MPRegen 0.15/turn

%: harm (+30% outgoing, +20% incoming), guardian spirit
@: no status effects
A: horns 2, powered by death 1, demonic touch 2
a: no special abilities


You were on level 7 of the Dungeon.
You visited 1 branch of the dungeon, and saw 7 of its levels.

You collected 461 gold pieces.
You spent 50 gold pieces at shops.

Inventory:

Hand Weapons
 h - a +0 dagger of speed
 o - a +0 trident (weapon)
Missiles
 t - 7 poisoned darts
Armour
 a - a +0 plate armour
 b - a +0 leather armour (worn)
 s - a +0 chain mail
 A - the +1 pair of boots of the Enchanted Forest (worn) {Harm MP+9}
   (You found it on level 7 of the Dungeon)

   MP+9:      It affects your magic capacity (+9).
   Harm:      It increases damage dealt and taken.
Jewellery
 l - an amulet of reflection
 r - a ring of see invisible (left hand)
 w - an amulet of guardian spirit (around neck)
Wands
 c - a wand of flame (8) (quivered)
 d - a wand of charming (36)
 e - a wand of iceblast (5)
Scrolls
 f - a scroll of enchant armour {unknown}
 g - a scroll of vulnerability {unknown}
 m - 2 scrolls of identify {unknown}
 u - 2 scrolls of noise
 x - a scroll of poison {unknown}
 y - a scroll of amnesia {unknown}
 B - a scroll of summoning {unknown}
 C - a scroll of immolation
Potions
 i - 2 potions of invisibility {unknown}
 j - 3 potions of curing {unknown}
 k - 4 potions of mutation {unknown}
 n - a potion of resistance {unknown}
 p - a potion of degeneration {unknown}
 q - 3 potions of lignification
 v - a potion of attraction {unknown}
 z - 2 potions of enlightenment {unknown}
 D - 2 potions of cancellation {unknown}


   Skills:
 + Level 3.8 Fighting
 + Level 1.6 Maces & Flails
 + Level 5.6 Polearms
 + Level 4.0 Armour
 + Level 3.4 Dodging
 - Level 1.0 Stealth
 - Level 4.2 Evocations


You had 7 spell levels left.
You didn't know any spells.
Your spell library contained the following spells:

 Spells                   Type           Power      Damage    Failure   Level
 Stone Arrow              Conj/Erth      0%         3d7       78%         3
 Animate Armour           Summ/Erth      0%         N/A       99%         4
 Lehudib's Crystal Spear  Conj/Erth      0%         10d2      100%        8


Dungeon Overview and Level Annotations

Branches:
Dungeon (7/15)             Temple (0/1) D:6

Altars:
Dithmenos
Trog
Wu Jian

Shops:
D:2 !   D:6 ==

Annotations:
D:3 1 runed translucent door, SuperJoe's ghost, amateur OpRe
D:5 2 transporters, EvilDarkOverLord's ghost, novice MiFi


Innate Abilities, Weirdness & Mutations

You have a pair of horns on your head.
You regenerate a little health from kills.
Your touch may inflict irresistible damage on your foes.


Message History

You are too injured to fight recklessly!
You are too injured to fight recklessly!
You are too injured to fight recklessly!
Unknown command.
You hit the ogre. Your headbutt misses the ogre. Your touch misses the ogre.
The ogre is moderately wounded.
A bullfrog comes into view.
The ogre completely misses you.
You hit the ogre. Your touch misses the ogre.
The ogre is heavily wounded.
Unknown command.
You hit the ogre.
The ogre is severely wounded.
The ogre hits you with a +0 giant spiked club.
Unknown command.
You puncture the ogre!
The ogre is almost dead.
The ogre hits you with a +0 giant spiked club!!
* * * LOW HITPOINT WARNING * * *
Unknown command.
You barely miss the ogre. You headbutt the ogre.
You kill the ogre!
The bullfrog barely misses you.
Your Armour skill increases to level 4!
You closely miss the bullfrog. You headbutt the bullfrog.
The bullfrog is lightly wounded.
The bullfrog hits you.
* * * LOW HITPOINT WARNING * * *
Unknown command.
Unknown command.
You puncture the bullfrog!
The bullfrog is almost dead.
The bullfrog hits you.
* * * LOW HITPOINT WARNING * * *
The bullfrog hits you.
* * * LOW HITPOINT WARNING * * *
You closely miss the bullfrog. Your headbutt misses the bullfrog.
The bullfrog is almost dead.
The bullfrog hits you.
You die...

###
#~)~~~.#.)#####.
#.~≈~~..)...)...
#.≈≈≈~##########
#.~≈~≈≈≈≈≈
#~≈~≈~~≈≈≈
#..~≈~~≈≈≈#
##.~~≈≈≈≈##
######...#####
#.F@......#
#....##≈≈≈#.##
#... #≈.≈#.#
###########..
#≈.≈#.#
~~~~~#~~~###
#≈.≈#..
#####~~### .....
# ##~~~~~#
######. ~~~#####
.# ###~~~#


You could see a bullfrog.

Vanquished Creatures
  An ice beast (D:5)
  2 black bears
  A centaur (D:5)
  2 ogres
  A howler monkey (D:6)
  2 hounds
  2 jellies
  An orc priest (D:7)
  3 bombardier beetles
  2 sleepcaps (D:6)
  2 iguanas (D:6)
  Terence (D:2)
  5 orc wizards
  Robin (D:3)
  4 adders
  3 white imps
  4 ufetubi (D:6)
  4 dart slugs
  17 orcs
  10 ball pythons
  3 endoplasms
  2 giant cockroaches
  19 goblins
  4 hobgoblins
  8 kobolds
  3 quokkas
  3 bats
  6 frilled lizards
  4 rats
120 creatures vanquished.

Vanquished Creatures (others)
  An orc wizard (D:5)
1 creature vanquished.

Grand Total: 121 creatures vanquished

Notes
Turn   | Place    | Note
-------+----------+-------------------------------------------
     0 | D:1      | dialectric the Demonspawn Artificer began the quest for the
                  | Orb.
     0 | D:1      | Reached XP level 1. HP: 15/15 MP: 1/1
   101 | D:1      | Discovered your monstrous ancestry.
   101 | D:1      | Gained mutation: Your touch may inflict minor irresistible
                  | damage on your foes. [demonic ancestry]
   101 | D:1      | Reached XP level 2. HP: 21/21 MP: 2/2
   390 | D:1      | Reached skill level 1 in Dodging
   784 | D:2      | Found Gollo's Distillery.
   792 | D:2      | Bought a potion of heal wounds for 50 gold pieces
   817 | D:2      | Gained mutation: You have a pair of small horns on your
                  | head. [demonic ancestry]
   817 | D:2      | Reached XP level 3. HP: 24/26 MP: 3/3
   904 | D:2      | Reached skill level 1 in Maces & Flails
  1012 | D:2      | Noticed Terence
  1022 | D:2      | Killed Terence
  1023 | D:2      | Reached XP level 4. HP: 13/33 MP: 4/4
  1888 | D:3      | Found an ornate altar of the Wu Jian Council.
  2011 | D:3      | Reached skill level 1 in Stealth
  2049 | D:3      | Noticed a bullfrog
  2051 | D:3      | Found a runed translucent door.
  2051 | D:3      | Noticed SuperJoe's ghost (amateur OpRe)
  2131 | D:3      | Noticed Robin
  2168 | D:3      | Killed Robin
  2527 | D:4      | Found a bloodstained altar of Trog.
  2557 | D:4      | Reached skill level 1 in Polearms
  2829 | D:5      | Entered Level 5 of the Dungeon
  2841 | D:5      | Gained mutation: You have a pair of horns on your head.
                  | [demonic ancestry]
  2841 | D:5      | Reached XP level 5. HP: 35/38 MP: 5/5
  2932 | D:5      | Found a shadowy altar of Dithmenos.
  3029 | D:5      | Noticed a black bear
  3032 | D:5      | Found a transporter.
  3040 | D:5      | Killed a black bear
  3041 | D:5      | Reached skill level 2 in Polearms
  3042 | D:5      | Noticed an ogre
  3045 | D:5      | Noticed EvilDarkOverLord's ghost (novice MiFi)
  3139 | D:5      | Found a transporter.
  3208 | D:5      | Gained mutation: Your touch may inflict irresistible damage
                  | on your foes. [demonic ancestry]
  3208 | D:5      | Reached XP level 6. HP: 45/45 MP: 6/6
  3491 | D:5      | Reached skill level 3 in Polearms
  3527 | D:5      | Noticed an ice beast
  3536 | D:5      | Killed an ice beast
  3537 | D:5      | Gained mutation: You regenerate a little health from kills.
                  | [demonic ancestry]
  3537 | D:5      | Reached XP level 7. HP: 41/51 MP: 4/7
  3857 | D:5      | Reached skill level 4 in Polearms
  4721 | D:6      | Found Ymamy's Jewellery Shop.
  4770 | D:6      | Found a staircase to the Ecumenical Temple.
  5073 | D:6      | Reached skill level 5 in Polearms
  5142 | D:6      | Reached XP level 8. HP: 54/58 MP: 8/8
  5186 | D:6      | Found Zauqoufi's Jewellery Boutique.
  5372 | D:7      | Identified the +1 pair of boots of the Enchanted Forest
                  | {Harm MP+9}
  5879 | D:7      | HP: 2/60 [bullfrog (4)]
  5880 | D:7      | Slain by a bullfrog

Illustrated notes

Levels and vault maps discovered:
D:1:      lemuel_arrival_rhombus, layout_basic, minmay_octomino_e4
D:2:      layout_loops_corners, serial_shops, nicolae_diamond_shop,
          chequers_serial_rivers_micro_d, chequers_serial_rivers_micro_c,
          uniq_terence
D:3:      layout_basic, lemuel_doored_altar, ebering_ghost_inner_flame,
          uniq_robin
D:4:      layout_rooms, kennysheep_mini_moat,
          mainiacjoe_overflow_small_starburst, kennysheep_diamond
D:5:      layout_basic, grunt_dithmenos_smoke_and_mirrors,
          gammafunk_ghost_arena, serial_rivers, chequers_serial_rivers_micro_e,
          chequers_serial_rivers_micro_d, chequers_serial_rivers_room_b,
          chequers_serial_rivers_micro_e, chequers_serial_rivers_micro_b,
          minmay_a_box_with_orc_wizards_in_it
D:6:      layout_loops_corners, temple_pool_b, serial_shops, kennysheep_mini,
          nicolae_shop_tiny_statue_garden, nicolae_shop_tiny_waterfront,
          minmay_misc_feat_pillars
D:7:      layout_loops_ring, serial_rivers, chequers_serial_rivers_micro_d,
          chequers_serial_rivers_large_a, chequers_serial_rivers_room_a,
          chequers_serial_rivers_large_b, minmay_misc_feat_four_crosses

Skill      XL: |  1  2  3  4  5  6  7  8 |
---------------+-------------------------+-----
Armour         | 2 3 4 |  4.0
Dodging        | 1 2 3 |  3.4
Maces & Flails | 1 |  1.6
Stealth        | 1 |  1.0
Fighting       | 2 3 |  3.8
Polearms       | 1 2 3 5 |  5.6
Evocations     | 4 |  4.2

Action                     |  1- 3 |  4- 6 |  7- 9 || total
---------------------------+-------+-------+-------++-------
  Melee: Club              |    86 |       |       ||    86
         Touch             |    14 |    17 |    19 ||    50
         Headbutt          |     2 |    14 |    26 ||    42
         Trident           |       |   136 |   131 ||   267
         Punch             |       |     2 |     1 ||     3
  Evoke: Wand              |     7 |       |       ||     7
    Use: Potion            |       |     2 |       ||     2
         Scroll            |       |       |     1 ||     1
   Stab: Sleeping          |     1 |     3 |     1 ||     5
 Armour: Leather armour    |    78 |    61 |    71 ||   210
         Skin              |       |    39 |       ||    39
  Dodge: Dodged            |    55 |    63 |    59 ||   177
